Map: Deathaura LE

Players

qqq

  • Race: Zerg Zerg
  • League: Platinum
  • Spawn Location: 5:00

Massa - Winner!

  • Race: Terran Terran
  • League: Platinum
  • Spawn Location: 11:00

VOD

Have the link to the VOD?

Description

Time

  • Played on: Jan. 12, 2021, 10:37 a.m.
  • Length: 15:12
Show
View Real Time Build Order
Export as new Build Order

qqq Zerg 

Build Orders: Pool First 

Get SALT Encoding   

  12  0:01  Drone  
  13  0:08  Drone  
  14  0:28  Spawning Pool  
  14  0:31  Extractor  
  12  0:39  Overlord  
  12  0:41  Drone  
  13  0:44  Drone  
  14  0:58  Drone  
  15  1:10  Drone  
  16  1:23  Roach Warren  
  16  1:24  Drone  
  16  1:25  Drone  
  17  1:29  Queen  
  19  1:39  Drone  
  20  1:59  Hatchery  
  19  2:07  Drone  
  20  2:13  Lair  
  20  2:27  Roach  
  20  2:29  Overlord  
  22  2:38  Overlord  
  22  2:50  Roach x2  
  26  2:54  Roach x2  
  30  3:14  Roach x3  
  30  3:16  Roach  
  38  3:34  Glial Reconstitution  
  38  4:09  Roach x2  
  42  4:13  Spine Crawler  
  41  4:22  Drone x3  
  44  4:34  Overlord x4  
  44  4:35  Overlord  
  44  4:38  Overlord  
  44  4:54  Zergling x8  
  44  4:55  Zergling x4  
  48  5:26  Metabolic Boost  
  3  9:52  Roach x4  
  13  9:53  Roach x2  
  13  9:54  Roach x2  
  13  9:55  Roach  
  13  9:57  Roach  
  13  9:58  Roach  
  25  10:01  Zergling x2  
  26  10:09  Queen  
  26  10:11  Spine Crawler  
  27  10:20  Zergling x2  
  27  10:21  Zergling x2  
  29  11:47  Overlord  
  29  11:49  Drone x3  
  29  11:52  Drone  
  33  11:54  Queen  
  37  12:30  Roach x5  
  37  12:31  Roach x3  
  33  13:20  Zergling x6  
  33  13:22  Zergling x6  
Show
View Real Time Build Order
Export as new Build Order

Massa Terran - Winner!

Build Orders: 1/1/1 

Get SALT Encoding   

  12  0:00  SCV  
  13  0:12  SCV  
  14  0:18  Supply Depot  
  14  0:24  SCV  
  15  0:40  SCV  
  15  0:41  Barracks  
  16  0:46  Refinery  
  16  0:52  SCV  
  17  0:59  Refinery  
  18  1:04  SCV  
  18  1:16  SCV  
  19  1:24  Supply Depot  
  19  1:28  SCV  
  20  1:37  Factory  
  20  1:40  SCV  
  20  1:42  Barracks Tech Lab  
  21  1:52  SCV  
  21  1:53  Barracks  
  22  2:02  Stimpack  
  22  2:05  SCV  
  23  2:09  Marine  
  24  2:18  SCV  
  25  2:24  Starport  
  25  2:30  SCV  
  25  2:31  Marine  
  27  2:42  Orbital Command  
  27  2:49  Marine  
  27  2:50  Barracks Reactor  
  28  3:18  Command Center  
  28  3:19  Marine  
  29  3:24  Medivac  
  31  3:30  Supply Depot  
  31  3:38  Supply Depot  
  31  3:42  Combat Shield  
  31  3:51  SCV, Marine x3  
  31  3:54  Medivac  
  37  3:56  Supply Depot  
  37  4:09  Marine x2  
  39  4:10  Marine  
  39  4:16  SCV  
  41  4:24  Medivac  
  41  4:27  Marine  
  41  4:28  Supply Depot  
  44  4:33  Supply Depot  
  44  4:35  Marine x2  
  46  4:43  SCV  
  46  4:44  SCV  
  46  4:45  Marine  
  49  4:53  Marine x2  
  49  4:54  Medivac  
  49  4:55  SCV  
  49  4:56  SCV  
  55  5:02  Marine  
  56  5:07  SCV  
  56  5:08  Orbital Command  
  56  5:11  Marine x2  
  59  5:17  Barracks  
  59  5:20  Marine  
  60  5:28  Starport Reactor  
  60  5:29  Marine x2  
  62  5:36  SCV x2  
  62  5:38  Marine  
  65  5:47  Marine x2  
  65  5:48  SCV  
  68  5:56  Marine  
  69  6:05  Marine x2, Supply Depot  
  69  6:07  Supply Depot  
  69  6:09  Barracks Reactor, Supply Depot  
  72  6:11  SCV  
  72  6:12  SCV  
  72  6:14  Marine  
  74  6:22  Marine  
  74  6:23  SCV, Marine  
  77  6:31  SCV, Marine  
  79  6:35  SCV  
  79  6:39  Refinery  
  80  6:40  Marine  
  80  6:41  Refinery  
  80  6:43  SCV  
  82  6:47  SCV  
  83  6:56  Command Center  
  83  7:00  Marine, Command Center  
  83  7:01  Marine x4, Engineering Bay  
  82  7:18  Marine x4  
  82  7:19  Marine  
  80  7:36  Marine x2  
  76  8:17  Orbital Command  
  76  8:20  Orbital Command  
  76  8:26  SCV x2  
  78  8:38  SCV x2  
  80  8:50  SCV  
  81  9:32  Marine x5  
  86  9:49  Marine  
  86  9:50  Marine x4  
  91  9:53  Medivac x2  
  95  10:07  Marine  
  95  10:08  Marine x4  
  95  10:09  Armory, Engineering Bay  
  95  10:12  SCV  
  95  10:13  SCV x3  
  104  10:19  Supply Depot x2  
  104  10:21  Supply Depot  
  104  10:22  Factory Tech Lab, Supply Depot  
  104  10:23  Medivac x2, Supply Depot x2  
  104  10:24  SCV, Concussive Shells  
  104  10:25  SCV, Marine  
  104  10:26  Marine x4  
  115  10:43  Marine x5, Supply Depot  
  115  10:45  Supply Depot  
  115  10:47  Supply Depot  
  115  10:48  Supply Depot  
  120  10:51  Supply Depot  
  120  10:52  Medivac  
  120  10:53  Medivac  
  124  11:01  Marine x5  
  129  11:18  Marine  
  130  11:49  Refinery, SCV x2  
  130  11:50  Refinery, SCV x2  
  134  12:01  SCV  
  134  12:07  Command Center  
  135  12:10  Ghost Academy  
  135  12:11  Ghost Academy  
  135  12:14  Ghost Academy  
  135  12:15  Ghost Academy  
  135  12:20  Command Center  
  109  13:06  Marine x4  
  114  13:17  Ghost  
  115  13:23  Marine  
  115  13:24  Marine x3  
  119  13:41  Marine  
  119  13:42  Marine x3  
  119  13:46  Ghost  
  125  13:58  Nuke  
  125  13:59  Nuke x2, Marine  
  125  14:00  Marine x3  
  129  14:14  Ghost  
  121  14:43  Ghost  
Tags
 
Add a new tag
Caveats
  • Supply blocks, unpowered buildings, or Contaminate may cause inaccurate times.
  • Supply counts are checked every 10 seconds.